 Dungeon Crawl Stone Soup version 0.19.1 (webtiles) character file.

101 Firecrotchwizard the Poker (level 4, -1/31 HPs)
             Began as an Octopode Gladiator on Dec 19, 2016.
             Slain by an ice beast (3 damage)
             ... on level 3 of the Dungeon.
             The game lasted 00:03:02 (1924 turns).

Firecrotchwizard the Poker (Octopode Gladiator)     Turns: 1924, Time: 00:03:03

Health: -1/31      AC:  1    Str: 15    XL:     4   Next: 75%
Magic:  4/4        EV: 15    Int: 12    God:
Gold:   148        SH:  0    Dex: 14    Spells: 0 memorised, 3 levels left

rFire  . . .     SeeInvis +     a - +0 trident
rCold  . . .     Gourm    .     (no shield)
rNeg   . . .     Faith    .     b - +0 hat
rPois  .         Spirit   .     (no amulet)
rElec  .         Reflect  .     l - ring of see invisible
rCorr  .         Harm     .     q - +2 ring of intelligence
MR     .....                    r - +2 ring of dexterity
Stlth  ++........               (no ring)
                                (no ring)
                                (no ring)
                                (no ring)
                                (no ring)

@: no status effects
A: almost no armour, stealthy swim, amphibious, 8 rings, constrict 8, camouflage
1, gelatinous body 1
a: no special abilities


You were on level 3 of the Dungeon.
You were not hungry.

You visited 1 branch of the dungeon, and saw 3 of its levels.

You collected 148 gold pieces.

Inventory:

Hand Weapons
 a - a +0 trident (weapon)
Missiles
 c - 3 throwing nets (quivered)
Armour
 b - a +0 hat (worn)
Jewellery
 l - a ring of see invisible (left tentacle)
 q - a +2 ring of intelligence (right tentacle)
 r - a +2 ring of dexterity (on tentacle)
Scrolls
 e - 4 scrolls of identify {unknown}
 g - a scroll of random uselessness {unknown}
 h - a scroll of recharging {unknown}
 i - 2 scrolls of remove curse {unknown}
 m - a scroll of teleportation {unknown}
 o - a scroll of amnesia {unknown}
Potions
 f - a potion of agility {unknown}
 j - a potion of magic {unknown}
 k - 2 potions of heal wounds {unknown}
 n - a potion of lignification {unknown}
 p - a potion of haste {unknown}
 s - a potion of degeneration {unknown}
Comestibles
 d - 5 bread rations


   Skills:
 * Level 3.2 Fighting
 * Level 3.8 Polearms
 + Level 2.4 Throwing
 + Level 3.6 Dodging
 - Level 0.4 Stealth


You had 3 spell levels left.
You didn't know any spells.

Dungeon Overview and Level Annotations

Branches:
Dungeon (3/15)

Altars:
Kikubaaqudgha


Innate Abilities, Weirdness & Mutations

You cannot wear most types of armour.
You are very stealthy in the water. (Stealth+)
You are amphibious.
You can wear up to eight rings at the same time.
You can use your tentacles to constrict eight enemies at once.
Your skin changes colour to match your surroundings (Stealth+).
Your rubbery body absorbs attacks. (AC +1, EV +1)


Message History

The ice beast is lightly wounded.
The ice beast hits you. The ice beast freezes you!
The ice beast hits you but does no damage.
You hit the ice beast.
The ice beast is lightly wounded.
The ice beast misses you.
You barely miss the ice beast.
The ice beast is lightly wounded.
The ice beast closely misses you.
You barely miss the ice beast. Your squeeze misses the ice beast.
The ice beast is lightly wounded.
The ice beast barely misses you.
You puncture the ice beast!
The ice beast is moderately wounded.
The ice beast hits you. The ice beast freezes you!
* * * LOW HITPOINT WARNING * * *
You barely miss the ice beast. Your squeeze misses the ice beast.
The ice beast is moderately wounded.
The ice beast hits you.
You die...

######## #$.....#
#Y.....# #@.....#
######.†....#
##......[....#
#######..<(.#.[....#
........###.#......#
#####.......#......#
#..###########.#
#..## .# ##...### .


You could see an ice beast.

Vanquished Creatures
  Natasha (D:3)
  2 adders
  2 oozes (D:1)
  2 dart slugs (D:1)
  A leopard gecko (D:2)
  An orc (D:3)
  2 ball pythons
  4 bats
  3 giant cockroaches
  A goblin (D:3)
  5 hobgoblins
  4 jackals (D:1)
  6 kobolds
  A frilled lizard (D:2)
  7 rats
42 creatures vanquished.

Notes
Turn   | Place    | Note
-------+----------+-------------------------------------------
     0 | D:1      | Firecrotchwizard the Octopode Gladiator began the quest for the Orb.
     0 | D:1      | Reached XP level 1. HP: 14/14 MP: 1/1
   241 | D:1      | Reached XP level 2. HP: 19/19 MP: 2/2
   751 | D:1      | Reached XP level 3. HP: 25/25 MP: 3/3
  1355 | D:2      | Found an ancient bone altar of Kikubaaqudgha.
  1497 | D:2      | Reached XP level 4. HP: 30/30 MP: 4/4
  1878 | D:3      | Noticed Natasha
  1884 | D:3      | Killed Natasha
  1913 | D:3      | Noticed an ice beast
  1924 | D:3      | Slain by an ice beast

Skill      XL: |  1  2  3  4 |
---------------+-------------+-----
Fighting       | 3 |  3.2
Polearms       | |  3.8
Throwing       | |  2.4
Dodging        | |  3.6
Stealth        | |  0.4

Action                   |  1- 3 |  4- 6 || total
-------------------------+-------+-------++-------
Melee: Trident           |    67 |    28 ||    95
       Constrict         |    14 |     3 ||    17
       Tentacles         |    13 |     7 ||    20
 Stab: Sleeping          |    10 |     2 ||    12
       Distracted        |     1 |       ||     1
  Eat: Chunk             |     1 |     2 ||     3
Armor: Skin              |     1 |     1 ||     2
Dodge: Dodged            |    18 |    11 ||    29
